 Dungeon Crawl Stone Soup version 0.32-a0-314-g526f7d4993 (webtiles) character file.

Game seed: 14018690494365791972

131 Nattfarinn the Changeling (level 5, -9/33 HPs)
             Began as an Octopode Shapeshifter on Feb 16, 2024.
             Mangled by a gnoll
             ... wielding a +0 halberd
              (13 damage)
             ... on level 3 of the Dungeon.
             The game lasted 00:02:38 (1568 turns).

Nattfarinn the Changeling (Octopode Shapeshifter)   Turns: 1568, Time: 00:02:38

Health: -9/33      AC:  1    Str: 16    XL:     5   Next: 14%
Magic:  5/5        EV: 13    Int: 12    God:
Gold:   110        SH:  0    Dex: 11    Spells: 4/4 levels left

rFire   . . .        e - +0 dagger (venom)
rCold   . . .        (no shield)
rNeg    . . .        (helmet currently unavailable)
rPois   +            (no amulet)
rElec   .            g - ring of poison resistance
rCorr   .            (no ring)
SInv    .            (no ring)
Will    .....        (no ring)
Stlth   ++           (no ring)
HPRegen 0.25/turn    (no ring)
MPRegen 0.09/turn    (no ring)
                     (no ring)

%: no passive effects
@: beast-form
A: beast (slay +3), almost no armour, amphibious, 8 rings, camouflage 1,
gelatinous body 1, (nimble swimmer 1), tentacles
a: Begin Untransformation


You were on level 3 of the Dungeon.
You were a hulking beast.
You visited 1 branch of the dungeon, and saw 4 of its levels.

You collected 110 gold pieces.

Inventory:

Hand Weapons
 e - a +0 dagger of venom (weapon)
Jewellery
 g - a ring of poison resistance (left tentacle)
Talismans
 b - a beast talisman (active)
 c - a flux talisman
Scrolls
 d - 2 scrolls of enchant armour {unknown}
 h - a scroll of enchant weapon {unknown}
 i - 2 scrolls of teleportation {unknown}
 j - a scroll of identify {unknown}
 p - a scroll of noise {unknown}
Potions
 a - a potion of lignification
 f - 2 potions of brilliance {unknown}
 k - a potion of magic {unknown}
 l - 4 potions of heal wounds {unknown}
 m - a potion of berserk rage {unknown}
 n - a potion of cancellation {unknown}
 o - a potion of curing {unknown}


   Skills:
 - Level 1.0 Fighting
 - Level 2.0 Dodging
 - Level 3.0 Unarmed Combat
 + Level 5.3 Shapeshifting


You had 4 spell levels left.
You didn't know any spells.
Your spell library contained the following spells:

 Spells                   Type           Power      Damage    Failure   Level
 Summon Small Mammal      Summ           0%         N/A       32%         1
 Blink                    Tloc           0%         N/A       45%         2
 Lesser Beckoning         Tloc           0%         N/A       45%         2
 Momentum Strike          Conj/Tloc      0%         3d8       45%         2
 Call Canine Familiar     Summ           0%         N/A       69%         3
 Inner Flame              Hex/Fire       0%         N/A       69%         3
 Flame Wave               Conj/Fire      0%         2d4       97%         4
 Sticky Flame             Fire/Alch      0%         2d4       97%         4
 Summon Blazeheart Golem  Fire/Summ      0%         N/A       97%         4


Dungeon Overview and Level Annotations

Branches:
Dungeon (4/15)
 Temple: D:4-7

Altars:
Makhleb

Shops:
D:3 [


Innate Abilities, Weirdness & Mutations

You are a hulking beast.
Your limbs bulge with bestial killing power. (Slay +3)
You cannot wear most types of armour.
You are amphibious.
You can wear up to eight rings at the same time.
Your skin changes colour to match your surroundings (Stealth+).
Your rubbery body absorbs attacks. (AC +1, EV +1)
((You are camouflaged when in or above water. (Stealth+)))
You have tentacles for arms and can constrict up to eight enemies at once.


Message History

The endoplasm freezes you.
You are frozen.
A gnoll comes into view. It is wielding a +0 halberd.
The endoplasm jiggles.
The endoplasm attacks as it pursues you!
The endoplasm hits you.
You hit the endoplasm. You squeeze the endoplasm.
You kill the endoplasm!
The ball python completely misses you. The ball python barely misses you.
You hit the ball python.
You kill the ball python!
You puncture the gnoll! You grab the gnoll. You squeeze the gnoll.
You kill the gnoll!
You have reached level 5!
You feel stronger. The gnoll hits you with a +0 club.
The gnoll barely misses you.
Things that are here:
a +0 club; a gnoll corpse; a ball python corpse You closely miss the gnoll.
You grab the gnoll. You constrict the gnoll. The gnoll closely misses you.
The gnoll misses you.
You hit the gnoll.
The gnoll is poisoned.
The gnoll is moderately wounded.
You constrict the gnoll. The gnoll closely misses you.
The gnoll barely misses you.
You hit the gnoll. You squeeze the gnoll.
You kill the gnoll!
The gnoll misses you. The gnoll hits you with a +0 halberd!
Ouch! That really hurt!
* * * LOW HITPOINT WARNING * * *
You see here a +0 club.
You hit the gnoll.
The gnoll is poisoned.
You grab the gnoll.
The gnoll is lightly wounded.
You constrict the gnoll, but do no damage.
The gnoll hits you with a +0 halberd.
* * * LOW HITPOINT WARNING * * *
You barely miss the gnoll.
The gnoll is lightly wounded.
You constrict the gnoll. The gnoll hits you with a +0 halberd!
You die...

..[........#
#.#
.......#####
#.# .......#
#.# .......#
#.# .#######
#.# ## #.#
#.# #)# #h#
#g# ##.#
#########..#
#......#..##
#......S.##
#........###
####....g#
#.....#


You could see a gnoll (very poisoned).

Vanquished Creatures
  An adder (D:2)
  2 gnolls (D:3)
  3 dart slugs
  6 endoplasms
  2 giant cockroaches
  3 goblins (D:2)
  4 hobgoblins
  7 kobolds
  6 quokkas
  8 ball pythons
  5 bats (D:1)
  3 frilled lizards
  5 rats
55 creatures vanquished.

Notes
Turn   | Place    | Note
-------+----------+-------------------------------------------
     0 | D:1      | Nattfarinn the Octopode Shapeshifter began the quest for
                  | the Orb.
     0 | D:1      | Reached XP level 1. HP: 13/13 MP: 1/1
    52 | D:1      | Reached XP level 2. HP: 10/18 MP: 2/2
   306 | D:1      | Reached XP level 3. HP: 23/23 MP: 3/3
   309 | D:1      | Reached skill level 4 in Shapeshifting
   872 | D:2      | Reached XP level 4. HP: 26/28 MP: 4/4
  1087 | D:2      | You fall into a shaft and drop 2 floors!
  1136 | D:3      | Reached skill level 5 in Shapeshifting
  1197 | D:3      | Found Atisenk's Antique Armour Shoppe.
  1265 | D:3      | Found a burning altar of Makhleb.
  1562 | D:3      | Reached XP level 5. HP: 29/33 MP: 5/5
  1568 | D:3      | Mangled by a gnoll

Illustrated notes

Levels and vault maps discovered:
D:1:      ncdulo_halloftheorcs, layout_loops_ring, grunt_decor_cap
D:2:      layout_rooms, minivault_14
D:3:      layout_basic, nicolae_overflow_two_pavilions,
          mainiacjoe_overflow_paths, serial_glass, glass_columns_b,
          glass_columns_a, serial_shops, shop, grunt_decor_resistance
D:4:      layout_rooms

Skill      XL: |  1  2  3  4 |
---------------+-------------+-----
Shapeshifting  | 4 5 |  5.3
Fighting       | |  1.0
Dodging        | |  2.0
Unarmed Combat | |  3.0

Action                     |  1- 3 |  4- 6 || total
---------------------------+-------+-------++-------
  Melee: Dagger            |    50 |    51 ||   101
         Tentacles         |     9 |    10 ||    19
         Constrict         |    16 |    14 ||    30
         Unarmed           |     2 |       ||     2
   Stab: Sleeping          |     8 |     2 ||    10
 Armour: Skin              |    19 |    17 ||    36
  Dodge: Dodged            |    29 |    34 ||    63

Table legend: (Time is in decaauts)
 A = Elapsed time spent in this place.
 B = Non-inter-level travel time spent in this place.
 C = Inter-level travel time spent in this place.
 D = Time resting spent in this place.
 E = Time spent auto-exploring this place.
 F = Levels seen in this place.
 G = Mean time per level.
                   A        B        C        D        E       F      G
               +--------+--------+--------+--------+--------+-----+--------+
         Total |   1566 |   1525 |     41 |      0 |   1208 |   4 |  391.5 |
       Dungeon |   1566 |   1525 |     41 |      0 |   1208 |   4 |  391.5 |
               +--------+--------+--------+--------+--------+-----+--------+

Top non-repeatable levels by time:
     D:1: 768 daAuts
     D:3: 467 daAuts
     D:2: 316 daAuts
     D:4: 12 daAuts
